 Dungeon Crawl Stone Soup version 0.31-a0-354-g827e0957a7 (webtiles) character file.

Game seed: 3583527424339503359

721 randomguy2701 the Chopper (level 7, -3/62 HPs)
             Began as a Hill Orc Fighter on July 24, 2023.
             Slain by an ice beast (12 damage)
             ... on level 5 of the Dungeon.
             The game lasted 00:07:10 (2845 turns).

randomguy2701 the Chopper (Hill Orc Fighter)        Turns: 2845, Time: 00:07:11

Health: -3/62      AC:  7    Str: 21    XL:     7   Next: 71%
Magic:  7/7        EV: 10    Int:  8    God:
Gold:   157        SH:  5    Dex: 16    Spells: 6/6 levels left

rFire   . . .        e - +1 hand axe (vamp)
rCold   . . .        c - +0 buckler
rNeg    . . .        b - +0 scale mail
rPois   .            (no helmet)
rElec   .            (no cloak)
rCorr   .            (no gloves)
SInv    .            (no boots)
Will    .....        g - amulet of regeneration Stlth
                     k - +6 ring of dexterity
HPRegen 1.10/turn    (no ring)
MPRegen 0.10/turn

%: no passive effects
@: no status effects
A: no striking features
a: no special abilities


You were on level 5 of the Dungeon.
You visited 1 branch of the dungeon, and saw 5 of its levels.

You collected 157 gold pieces.

Inventory:

Hand Weapons
 a - a +0 war axe
 e - a +1 vampiric hand axe (weapon)
Armour
 b - a +0 scale mail (worn)
 c - a +0 buckler (worn)
 m - the +1 leather armour "Toicsakk" {rPois rC- Dex+4 SInv}
   (You found it on level 3 of the Dungeon)

   Dex:       It affects your dexterity (+4).
   rC:        It makes you vulnerable to cold.
   rPois:     It protects you from poison.
   SInv:      It lets you see invisible.
Jewellery
 g - an amulet of regeneration (around neck)
 k - a +6 ring of dexterity (left hand)
 r - an amulet of faith
Wands
 q - a wand of flame (24)
Scrolls
 f - a scroll of summoning {unknown}
 h - 4 scrolls of identify {unknown}
 n - a scroll of amnesia {unknown}
 o - 3 scrolls of enchant weapon {unknown}
 p - a scroll of noise {unknown}
Potions
 d - a potion of might
 i - 2 potions of brilliance {unknown}
 j - a potion of berserk rage {unknown}
 l - a potion of ambrosia {unknown}
 s - a potion of lignification {unknown}


   Skills:
 + Level 5.8 Fighting
 + Level 7.2 Axes
 + Level 5.2 Armour
 + Level 1.5 Dodging
 + Level 0.1 Stealth
 + Level 4.4 Shields


You had 6 spell levels left.
You didn't know any spells.
Your spell library contained the following spells:

 Spells                   Type           Power      Damage    Failure   Level
 Ensorcelled Hibernation  Hex/Ice        0%         N/A       91%         2
 Passwall                 Tmut/Erth      0%         N/A       91%         2
 Frozen Ramparts          Ice            0%         1d1       99%         3
 Portal Projectile        Hex/Tloc       0%         N/A       99%         3
 Swiftness                Air            0%         N/A       99%         3
 Tukima's Dance           Hex            0%         N/A       99%         3
 Iskenderun's Mystic Bla  Conj/Tloc      0%         2d3       100%        4
 Petrify                  Tmut/Erth      0%         N/A       100%        4
 Metabolic Englaciation   Hex/Ice        0%         N/A       100%        5


Dungeon Overview and Level Annotations

Branches:
Dungeon (5/15)
 Temple: D:4-7

Altars:
Elyvilon
Ru
Xom

Annotations:
D:2 Sigmund
D:3 1 runed translucent door, Crazy Yiuf, Grinder


Message History

The ice beast freezes you!
* * * LOW HITPOINT WARNING * * *
You hit the phantom.
The phantom is severely damaged.
You hit the ice beast.
You feel better.
You slash something!
You feel better.
The phantom hits you but does no damage.
Something hits you but does no damage. The ice beast closely misses you.
You hit the phantom.
The phantom is almost destroyed.
You hit something.
You feel better.
Reactivating autopickup.
You feel a bit more experienced.
You closely miss the ice beast.
The phantom hits you but does no damage.
You block the ice beast's attack.
You closely miss the phantom.
The phantom is almost destroyed.
You hit the ice beast but do no damage.
The phantom hits you but does no damage.
The ice beast hits you.
* * * LOW HITPOINT WARNING * * *
The ice beast freezes you.
* * * LOW HITPOINT WARNING * * *
You hit the phantom.
The phantom is almost destroyed.
You barely miss the ice beast.
The phantom hits you but does no damage.
The ice beast hits you but does no damage.
You closely miss the phantom.
The phantom is almost destroyed.
You hit the ice beast but do no damage. You block the phantom's attack.
The ice beast hits you but does no damage.
You hit the phantom.
You destroy the phantom!
You barely miss the ice beast. The ice beast closely misses you.
You hit the ice beast but do no damage.
The ice beast is heavily wounded.
The ice beast hits you.
* * * LOW HITPOINT WARNING * * *
The ice beast freezes you!
You die...

#...####.### #.<....
##....##....### #......
#.<...........####.#...
#...............!..##..
#....##.............#..
##......................
#..(...................#
#.....)Y................
##.....@...............#
##..##................#
#.....................
#.))รท...##.............
###......###...........
#.......# #........###
#..#...#..###...>.###
#..##...##... #..# .....
#...


You could see an ice beast.

Vanquished Creatures
  An ice beast (D:4)
  An ogre (D:4)
  A phantom (D:5)
  A scorpion (D:4)
  A howler monkey (D:4)
  3 hounds
  An iguana (D:3)
  Jessica (D:3)
  Ijyb (D:4)
  An orc wizard (D:5)
  12 adders
  3 dart slugs
  6 orcs
  8 ball pythons
  4 endoplasms
  3 giant cockroaches
  3 hobgoblins
  3 jackals (D:1)
  10 kobolds
  5 quokkas
  3 bats
  3 frilled lizards
  5 goblins
  3 rats
83 creatures vanquished.

Notes
Turn   | Place    | Note
-------+----------+-------------------------------------------
     0 | D:1      | randomguy2701 the Hill Orc Fighter began the quest for the
                  | Orb.
     0 | D:1      | Reached XP level 1. HP: 19/19 MP: 1/1
    29 | D:1      | Reached XP level 2. HP: 27/27 MP: 2/2
    90 | D:1      | Reached skill level 3 in Axes
   220 | D:1      | Reached XP level 3. HP: 32/33 MP: 3/3
   708 | D:2      | Noticed Sigmund
  1032 | D:3      | Reached XP level 4. HP: 37/41 MP: 4/4
  1120 | D:3      | Found a shimmering altar of Xom.
  1120 | D:3      | Found a shimmering altar of Xom.
  1120 | D:3      | Found a shimmering altar of Xom.
  1121 | D:3      | Noticed Jessica
  1171 | D:3      | Identified the +1 leather armour "Toicsakk" {rPois rC-
                  | Dex+4 SInv}
  1207 | D:3      | Found a faded altar of an unknown god.
  1369 | D:3      | Found a runed translucent door.
  1370 | D:3      | Noticed Crazy Yiuf
  1435 | D:3      | Killed Jessica
  1436 | D:3      | Reached skill level 4 in Axes
  1453 | D:3      | Found a sacrificial altar of Ru.
  1453 | D:3      | Found a white marble altar of Elyvilon.
  1493 | D:3      | Noticed Grinder
  1547 | D:4      | Reached XP level 5. HP: 47/47 MP: 5/5
  1608 | D:4      | Reached skill level 5 in Axes
  1778 | D:4      | Noticed an ice beast
  1813 | D:4      | Killed an ice beast
  1814 | D:4      | Reached skill level 6 in Axes
  1814 | D:4      | Reached XP level 6. HP: 43/55 MP: 6/6
  2028 | D:4      | Noticed Ijyb
  2044 | D:4      | Killed Ijyb
  2045 | D:4      | Reached skill level 5 in Fighting
  2133 | D:4      | Reached skill level 1 in Dodging
  2209 | D:4      | Reached XP level 7. HP: 61/61 MP: 7/7
  2585 | D:5      | Entered Level 5 of the Dungeon
  2768 | D:4      | Reached skill level 7 in Axes
  2768 | D:4      | Reached skill level 5 in Armour
  2845 | D:5      | Slain by an ice beast

Illustrated notes

Levels and vault maps discovered:
D:1:      ncdulo_halloftheorcs, layout_rooms
D:2:      layout_loops_corners, hangedman_feature_mirror,
          minmay_misc_feat_doors, uniq_sigmund
D:3:      layout_basic, xom_redecorated, nicolae_overflow_two_pavilions,
          hellmonk_ecumenical_altar_heavens_door, uniq_jessica,
          uniq_crazy_yiuf_cottage, uniq_grinder
D:4:      minmay_skewed_foursquare, layout_basic, uniq_ijyb
D:5:      layout_cave_pools, minmay_temple_entry_waves,
          chequers_serial_rivers_small_3

Skill      XL: |  1  2  3  4  5  6  7 |
---------------+----------------------+-----
Fighting       | 4 5 |  5.8
Axes           | 3 4 6 7 |  7.2
Armour         | 4 5 |  5.2
Shields        | 4 |  4.4
Dodging        | 1 |  1.5
Stealth        | |  0.1

Action                     |  1- 3 |  4- 6 |  7- 9 || total
---------------------------+-------+-------+-------++-------
  Melee: War axe           |     5 |       |       ||     5
         Hand axe          |    88 |   151 |    76 ||   315
 Armour: Scale mail        |    32 |    63 |    44 ||   139
  Dodge: Dodged            |    50 |    55 |    64 ||   169
  Block: Buckler           |    21 |    33 |    28 ||    82

Table legend: (Time is in decaauts)
 A = Elapsed time spent in this place.
 B = Non-inter-level travel time spent in this place.
 C = Inter-level travel time spent in this place.
 D = Time resting spent in this place.
 E = Time spent auto-exploring this place.
 F = Levels seen in this place.
 G = Mean time per level.
                   A        B        C        D        E       F      G
               +--------+--------+--------+--------+--------+-----+--------+
         Total |   2876 |   2600 |    276 |      0 |   1889 |   5 |  575.2 |
       Dungeon |   2876 |   2600 |    276 |      0 |   1889 |   5 |  575.2 |
               +--------+--------+--------+--------+--------+-----+--------+

Top non-repeatable levels by time:
     D:4: 1119 daAuts
     D:1: 691 daAuts
     D:3: 618 daAuts
     D:2: 333 daAuts
     D:5: 114 daAuts
